 Dungeon Crawl Stone Soup version 0.20.0-7-g3b7b877 (webtiles) character file.

173 smedtjen the Skirmisher (level 5, -5/42 HPs)
             Began as a Demonspawn Abyssal Knight on May 29, 2017.
             Was a Believer of Lugonu.
             Slain by an ogre
             ... wielding a +0 giant spiked club
              (21 damage)
             ... on level 4 of the Dungeon.
             The game lasted 00:16:21 (3594 turns).

smedtjen the Skirmisher (Demonspawn Abyssal Knight) Turns: 3594, Time: 00:16:22

Health: -5/42      AC:  6    Str: 13    XL:     5   Next: 28%
Magic:  7/7        EV:  8    Int: 13    God:    Lugonu [**....]
Gold:   144        SH:  3    Dex: 13    Spells: 4/4 levels left

rFire    . . .     SeeInvis .   b - +2 dagger (speed)
rCold    . . .     Gourm    .   G - +0 buckler
rNeg     . . .     Faith    .   v - +0 scale mail
rPois    .         Spirit   .   (helmet restricted)
rElec    .         Reflect  .   (no cloak)
rCorr    .         Harm     .   (no gloves)
MR       .....                  (no boots)
Stlth    ..........             (no amulet)
Regen    0.2/turn               (no ring)
MPRegen  0.1/turn               (no ring)

@: no status effects
A: horns 1, spiny 2
a: Depart the Abyss, Bend Space, Renounce Religion


You were on level 4 of the Dungeon.
You worshipped Lugonu.
Lugonu was pleased with you.
You were not hungry.

You visited 1 branch of the dungeon, and saw 4 of its levels.
You visited the Abyss 1 time.

You collected 144 gold pieces.

Inventory:

Hand Weapons
 a - a +0 flail
 b - a +2 dagger of speed (weapon)
 m - a +1 dagger of venom
 B - a +0 blowgun
 C - a +1 falchion
Missiles
 h - 85 stones
 q - 27 sling bullets
 s - 7 tomahawks (quivered)
 D - 9 poisoned needles
Armour
 i - a +0 ring mail
 v - a +0 scale mail (worn)
 G - a +0 buckler (worn)
Magical Staves
 r - an uncursed staff of power
Jewellery
 A - an uncursed ring of magical power {unknown}
Wands
 d - a wand of disintegration (15/24)
Scrolls
 g - 3 scrolls of identify
 j - a scroll of enchant weapon {unknown}
 l - 2 scrolls of blinking {unknown}
 o - 2 scrolls of fog {unknown}
 t - a scroll of teleportation
 w - a scroll of amnesia {unknown}
 y - a scroll of immolation {unknown}
 E - a scroll of enchant armour {unknown}
 F - a scroll of fear {unknown}
 H - a scroll of recharging {unknown}
Potions
 e - a potion of curing
 f - a potion of berserk rage {unknown}
 n - 2 potions of degeneration {unknown}
 z - a potion of flight {unknown}
Comestibles
 c - 2 bread rations
 k - 3 fruits
 p - a meat ration
 u - 2 chunks of flesh
 x - a royal jelly


   Skills:
 + Level 4.1 Fighting
 + Level 2.7 Long Blades
 * Level 1.5 Maces & Flails
 + Level 2.6 Armour
 + Level 1.6 Dodging
 + Level 2.9 Invocations


You had 4 spell levels left.
You didn't know any spells.

Dungeon Overview and Level Annotations

Branches:
Dungeon (4/15)
 Temple: D:4-7

Altars:
Yredelemnul

Shops:
D:4 [


Innate Abilities, Weirdness & Mutations

You have a pair of small horns on your head.
You are mostly covered in sharp spines.


Message History

The ogre shouts!
You hit the ogre.
The ogre is lightly wounded.
The ogre is struck by your spines.
The ogre hits you with a giant spiked club!
You barely miss the ogre. You headbutt the ogre.
The ogre is moderately wounded.
Your scale mail prevents you from hitting the ogre.
The ogre is moderately wounded.
The ogre hits you with a giant spiked club!
You hit the ogre. Your headbutt misses the ogre.
The ogre is moderately wounded.
You hit the ogre but do no damage.
The ogre is moderately wounded.
The ogre is struck by your spines.
The ogre hits you with a giant spiked club!
There is a stone staircase leading up here.
The ogre hits you with a giant spiked club!!
Ouch! That really hurt!
You die...

#.#.# ... #.#
##.######## #.###.
#.........#
.....###.........#
#. #...<.........#
#.##. #@.........#
#.... ##O...)....#
#... +.........#
.###...###.........#
...................#
...................#
#...............∩..#
#.........##########
#.........#


You could see an ogre.

Vanquished Creatures
  Jessica (D:2)
  4 gnolls (D:2)
  2 adders (D:2)
  2 worms (D:2)
  3 dart slugs
  4 leopard geckos
  5 orcs
  4 giant cockroaches
  8 goblins
  6 hobgoblins
  4 jackals (D:3)
  5 kobolds
  A quokka (D:2)
  10 bats
  4 frilled lizards
  5 rats
68 creatures vanquished.

Notes
Turn   | Place    | Note
-------+----------+-------------------------------------------
     0 | Abyss:1  | smedtjen the Demonspawn Abyssal Knight began the quest for the Orb.
     0 | Abyss:1  | Reached XP level 1. HP: 18/18 MP: 2/2
     6 | Abyss:1  | Found a corrupted altar of Lugonu.
    73 | Abyss:1  | Noticed a neqoxec
    74 | D:1      | Escaped the Abyss
   489 | D:1      | Gained mutation: You have a pair of small horns on your head. [demonic ancestry]
   489 | D:1      | Reached XP level 2. HP: 24/24 MP: 3/3
   575 | D:1      | Reached skill level 1 in Dodging
   582 | D:1      | Reached * piety under Lugonu
  1465 | D:2      | Found a basalt altar of Yredelemnul.
  1484 | D:2      | Noticed Jessica
  1490 | D:2      | Killed Jessica
  1490 | D:2      | Gained mutation: You are partially covered in sharp spines. [demonic ancestry]
  1490 | D:2      | Reached XP level 3. HP: 7/30 MP: 3/5
  1921 | D:2      | Reached XP level 4. HP: 29/37 MP: 6/6
  1938 | D:2      | Reached skill level 4 in Fighting
  2865 | D:2      | Reached skill level 1 in Maces & Flails
  2941 | D:3      | Gained mutation: You are mostly covered in sharp spines. [demonic ancestry]
  2941 | D:3      | Reached XP level 5. HP: 42/42 MP: 7/7
  3509 | D:4      | Noticed an ogre
  3523 | D:4      | Found Ympelath's Armour Emporium.
  3572 | D:4      | Reached ** piety under Lugonu
  3594 | D:4      | Slain by an ogre

Skill      XL: |  1  2  3  4 |
---------------+-------------+-----
Long Blades    | 2 |  2.7
Dodging        | 1 |  1.6
Armour         | 2 |  2.6
Fighting       | 4 |  4.1
Maces & Flails | 1 |  1.5
Invocations    | |  2.9

Action                   |  1- 3 |  4- 6 || total
-------------------------+-------+-------++-------
Melee: Falchion          |    62 |    17 ||    79
       Headbutt          |     5 |    17 ||    22
       Flail             |       |    34 ||    34
       Dagger            |       |    33 ||    33
Throw: Tomahawk          |       |     1 ||     1
Invok: Depart the Abyss  |     1 |       ||     1
  Use: Scroll            |     3 |       ||     3
       Potion            |       |     1 ||     1
  Eat: Meat ration       |     1 |       ||     1
       Chunk             |       |     3 ||     3
Armor: Ring mail         |    22 |    13 ||    35
       Scale mail        |       |    10 ||    10
Dodge: Dodged            |    37 |    33 ||    70
Block: Buckler           |       |     2 ||     2
       Rpst.: Falchion   |    12 |       ||    12
